Warning! The script has encountered some errors when parsing the replay. Please report them to the . » details
0x00, prev: 0x16: 16 02 04 00 E9 96 00 00 C8 4C 04 00 B9 8B 00 00 09 21 01 00 E7 7E 00 00 05 4D 03 00 C8 98 00 00 4F C1 04 00 [00] 00 00 00 00 00 00 00 00 00 00 00 00 00 00 00 00 00 00 00 00 00 00 00 01 00
0x00, prev: 0x00: 16 02 04 00 E9 96 00 00 C8 4C 04 00 B9 8B 00 00 09 21 01 00 E7 7E 00 00 05 4D 03 00 C8 98 00 00 4F C1 04 00 00 00 00 00 00 00 00 00 00 00 00 00 00 00 00 00 00 00 00 00 00 00 [00] 00 01 00
0x00, prev: 0x01: 16 02 04 00 E9 96 00 00 C8 4C 04 00 B9 8B 00 00 09 21 01 00 E7 7E 00 00 05 4D 03 00 C8 98 00 00 4F C1 04 00 00 00 00 00 00 00 00 00 00 00 00 00 00 00 00 00 00 00 00 00 00 00 00 00 01 [00]
General information
- name: BNet
- type: Ladder team game (AT/RT)
- host: Battle.net
- saver: GODIEPLZ
map: Slalom
- players: 8
- length: 33:42
- speed: Fast
- version: 1.23 W3XP
- replay type: Public
» download(302 KB)
Players
team 1 (winner)
GODIEPLZ (
orange | 176 APM | 2305 actions | 13:07)
2 Pandaren Brewmaster
1 Breath of Fire
1 Drunken Haze
» actions
| Assign group hotkey | 1 | |
| Build / train | 81 | |
| ESC pressed | 18 | |
| Enter build submenu | 34 | |
| Enter hero's abilities submenu | 6 | |
| Give item / drop item | 4 | |
| Right click | 1538 | |
| Select / deselect | 403 | |
| Select group hotkey | 94 | |
| Use ability | 126 | |
2305 total
» units
» buildings
| Moon Well | 18 | |
| Altar of Elders | 1 | |
| Tree of Ages | 1 | |
| Ancient of Wonders | 1 | |
| Tree of Eternity | 1 | |
| Hunter's Hall | 1 | |
| Ancient Protector | 10 | |
| Tree of Life | 1 | |
34 total
» build order
01:13 Moon Well
02:11 Moon Well
02:22 Altar of Elders
04:36 Moon Well
05:04 Moon Well
05:27 Moon Well
05:43 Moon Well
06:14 Moon Well
08:53 Moon Well
08:57 Moon Well
09:47 Moon Well
09:51 Moon Well
10:45 Tree of Ages
10:49 Moon Well
12:12 Moon Well
12:14 Moon Well
13:07 Moon Well
» items
| Lesser Clarity Potion | 8 | |
| Healing Salve | 4 | |
| Scroll of Speed | 2 | |
| Orb of Lightning | 1 | |
| Scroll of Town Portal | 2 | |
| Staff of Teleportation | 1 | |
| Boots of Speed | 1 | |
19 total
Mata. (
green | 214 APM | 2803 actions | 13:07)
3 Beastmaster
2 Summon Quilbeast
1 Summon Bear
» actions
| Assign group hotkey | 299 | |
| Basic commands | 19 | |
| Build / train | 212 | |
| Enter build submenu | 126 | |
| Enter hero's abilities submenu | 3 | |
| Remove unit from queue | 1 | |
| Right click | 1050 | |
| Select / deselect | 756 | |
| Select group hotkey | 20 | |
| Use ability | 316 | |
2803 total
» units
» upgrades
| Masonry | 3 | |
| Lumber Harvesting | 1 | |
| Magic Sentry | 1 | |
| Priest Training | 1 | |
6 total
» buildings
| Altar of Kings | 2 | |
| Farm | 4 | |
| Scout Tower | 144 | |
| Lumber Mill | 1 | |
| Arcane Tower | 5 | |
| Guard Tower | 156 | |
| Keep | 1 | |
| Castle | 1 | |
| Town Hall | 1 | |
| Arcane Vault | 1 | |
| Arcane Sanctum | 2 | |
| Blacksmith | 4 | |
| Workshop | 4 | |
326 total
» build order
00:04 Altar of Kings
00:42 Farm
01:25 Scout Tower
01:28 Scout Tower
01:33 Scout Tower
01:35 Scout Tower
01:43 Lumber Mill
01:52 Arcane Tower
01:53 Arcane Tower
01:53 Arcane Tower
01:59 Farm
02:25 Scout Tower
02:26 Scout Tower
02:28 Scout Tower
02:47 Guard Tower
02:47 Guard Tower
02:57 Guard Tower
02:57 Guard Tower
03:06 Guard Tower
03:12 Guard Tower
03:12 Guard Tower
03:12 Guard Tower
03:13 Guard Tower
04:13 Scout Tower
04:14 Scout Tower
04:40 Guard Tower
04:40 Guard Tower
04:40 Guard Tower
04:50 Scout Tower
05:02 Farm
05:04 Farm
05:07 Guard Tower
05:10 Scout Tower
05:11 Scout Tower
05:13 Scout Tower
05:27 Scout Tower
05:28 Scout Tower
05:29 Scout Tower
05:31 Scout Tower
05:33 Scout Tower
05:34 Scout Tower
05:36 Scout Tower
05:36 Scout Tower
05:37 Scout Tower
05:38 Guard Tower
05:38 Guard Tower
05:46 Guard Tower
05:46 Guard Tower
05:46 Guard Tower
05:48 Guard Tower
05:59 Scout Tower
06:04 Keep
06:06 Guard Tower
06:07 Guard Tower
06:07 Guard Tower
06:12 Guard Tower
06:12 Guard Tower
06:23 Guard Tower
06:24 Guard Tower
06:25 Scout Tower
06:27 Scout Tower
06:28 Scout Tower
06:32 Guard Tower
06:32 Guard Tower
06:34 Guard Tower
06:34 Guard Tower
06:35 Guard Tower
06:44 Guard Tower
06:48 Guard Tower
06:48 Guard Tower
07:04 Scout Tower
07:05 Scout Tower
07:07 Scout Tower
07:22 Guard Tower
07:22 Guard Tower
07:32 Scout Tower
07:32 Scout Tower
07:33 Scout Tower
07:34 Scout Tower
07:35 Scout Tower
08:02 Guard Tower
08:02 Guard Tower
08:09 Scout Tower
08:09 Scout Tower
08:13 Scout Tower
08:14 Scout Tower
08:15 Scout Tower
08:17 Guard Tower
08:29 Scout Tower
08:39 Castle
08:45 Scout Tower
09:06 Guard Tower
09:09 Scout Tower
09:10 Scout Tower
09:22 Guard Tower
09:22 Guard Tower
09:23 Scout Tower
09:24 Scout Tower
09:25 Scout Tower
09:40 Guard Tower
09:41 Guard Tower
09:54 Guard Tower
09:54 Guard Tower
10:03 Scout Tower
10:04 Scout Tower
10:39 Guard Tower
10:41 Scout Tower
10:42 Scout Tower
10:42 Scout Tower
10:43 Scout Tower
10:51 Scout Tower
10:51 Scout Tower
10:52 Scout Tower
10:57 Scout Tower
10:58 Scout Tower
10:59 Scout Tower
11:00 Scout Tower
11:02 Scout Tower
11:13 Guard Tower
11:13 Guard Tower
11:33 Town Hall
11:35 Scout Tower
11:36 Scout Tower
11:37 Scout Tower
11:38 Guard Tower
11:38 Guard Tower
11:42 Guard Tower
12:06 Guard Tower
12:07 Guard Tower
12:08 Guard Tower
12:09 Guard Tower
12:18 Guard Tower
12:43 Scout Tower
12:44 Scout Tower
12:45 Scout Tower
12:46 Scout Tower
12:51 Guard Tower
12:52 Guard Tower
13:07 Workshop
» items
| Lesser Clarity Potion | 1 | |
| Potion of Healing | 1 | |
| Healing Salve | 1 | |
| Orb of Lightning | 1 | |
4 total
PizzaFan1739 (
teal | 258 APM | 3385 actions | 13:07)
3 Blademaster
2 Wind Walk
1 Critical Strike
» actions
| Assign group hotkey | 12 | |
| Basic commands | 2 | |
| Build / train | 91 | |
| Enter build submenu | 50 | |
| Enter hero's abilities submenu | 5 | |
| Give item / drop item | 5 | |
| Remove unit from queue | 5 | |
| Right click | 2324 | |
| Select / deselect | 306 | |
| Select group hotkey | 346 | |
| Use ability | 239 | |
3385 total
» units
» upgrades
| Liquid Fire | 1 | |
| Reinforced Defenses | 1 | |
| Backpack | 0 | |
2 total
» buildings
| War Mill | 1 | |
| Orc Burrow | 5 | |
| Altar of Storms | 1 | |
| Watch Tower | 28 | |
| Voodoo Lounge | 4 | |
| Stronghold | 1 | |
| Beastiary | 3 | |
| Fortress | 4 | |
| Great Hall | 2 | |
49 total
» build order
00:41 War Mill
00:56 Orc Burrow
01:48 Altar of Storms
02:24 Watch Tower
02:32 Watch Tower
02:47 Voodoo Lounge
03:07 Orc Burrow
03:43 Watch Tower
04:37 Stronghold
04:39 Watch Tower
04:43 Watch Tower
04:44 Watch Tower
05:41 Voodoo Lounge
05:47 Watch Tower
05:56 Watch Tower
05:56 Watch Tower
06:43 Watch Tower
06:45 Watch Tower
06:56 Watch Tower
06:57 Watch Tower
06:58 Watch Tower
07:09 Voodoo Lounge
07:15 Voodoo Lounge
07:48 Beastiary
08:30 Beastiary
09:06 Orc Burrow
09:45 Orc Burrow
10:40 Beastiary
12:19 Watch Tower
12:31 Watch Tower
13:07 Orc Burrow
» items
| Healing Salve | 4 | |
| Lesser Clarity Potion | 6 | |
| Boots of Speed | 1 | |
| Staff of Teleportation | 1 | |
| Potion of Lesser Invulnerability | 2 | |
| Scroll of Town Portal | 2 | |
| Orb of Lightning | 2 | |
| Potion of Healing | 1 | |
19 total
TIMG4STRok (
pink | 212 APM | 2784 actions | 13:07)
5 Pandaren Brewmaster
3 Breath of Fire
2 Drunken Brawler
» actions
| Assign group hotkey | 3 | |
| Basic commands | 26 | |
| Build / train | 93 | |
| ESC pressed | 3 | |
| Enter build submenu | 85 | |
| Enter hero's abilities submenu | 8 | |
| Give item / drop item | 4 | |
| Right click | 1716 | |
| Select / deselect | 299 | |
| Select group hotkey | 291 | |
| Use ability | 256 | |
2784 total
» units
» upgrades
» buildings
| Lumber Mill | 1 | |
| Farm | 2 | |
| Scout Tower | 105 | |
| Altar of Kings | 1 | |
| Guard Tower | 40 | |
| Arcane Tower | 5 | |
| Town Hall | 1 | |
| Keep | 1 | |
| Arcane Sanctum | 1 | |
| Castle | 1 | |
158 total
» build order
00:10 Lumber Mill
00:13 Farm
00:39 Farm
01:31 Scout Tower
01:31 Scout Tower
01:44 Altar of Kings
01:59 Guard Tower
02:03 Scout Tower
02:07 Scout Tower
02:33 Guard Tower
02:34 Arcane Tower
02:43 Scout Tower
02:44 Scout Tower
02:46 Scout Tower
02:58 Scout Tower
03:10 Scout Tower
03:27 Scout Tower
03:28 Guard Tower
03:29 Scout Tower
04:08 Town Hall
04:29 Guard Tower
04:37 Guard Tower
04:41 Scout Tower
04:42 Scout Tower
04:43 Guard Tower
05:02 Scout Tower
05:02 Scout Tower
05:13 Scout Tower
05:29 Guard Tower
05:39 Arcane Tower
05:42 Arcane Tower
05:46 Scout Tower
05:47 Scout Tower
05:58 Scout Tower
06:17 Arcane Tower
06:18 Guard Tower
06:27 Guard Tower
06:34 Guard Tower
06:36 Scout Tower
06:37 Scout Tower
06:37 Scout Tower
06:53 Keep
06:59 Scout Tower
07:02 Scout Tower
07:03 Scout Tower
07:07 Guard Tower
07:15 Scout Tower
07:16 Scout Tower
07:17 Scout Tower
07:17 Scout Tower
08:27 Guard Tower
08:35 Scout Tower
09:08 Guard Tower
09:09 Scout Tower
09:10 Scout Tower
09:34 Arcane Sanctum
09:40 Guard Tower
09:43 Scout Tower
09:44 Scout Tower
09:44 Scout Tower
09:45 Scout Tower
09:50 Castle
10:47 Guard Tower
10:49 Guard Tower
10:50 Scout Tower
10:51 Scout Tower
10:52 Scout Tower
10:52 Scout Tower
10:53 Scout Tower
10:54 Scout Tower
11:32 Scout Tower
11:35 Scout Tower
11:37 Scout Tower
11:38 Scout Tower
12:02 Guard Tower
12:05 Scout Tower
12:06 Scout Tower
12:07 Scout Tower
12:08 Scout Tower
12:37 Guard Tower
13:07 Guard Tower
» items
| Staff of Teleportation | 1 | |
| Boots of Speed | 1 | |
| Lesser Clarity Potion | 2 | |
| Healing Salve | 1 | |
| Potion of Healing | 4 | |
| Orb of Lightning | 1 | |
10 total
team 2 (loser)
eLeCtRiC.sHoCk. (
blue | 148 APM | 1945 actions | 13:07)
3 Blademaster
2 Wind Walk
1 Critical Strike
» actions
| Basic commands | 7 | |
| Build / train | 57 | |
| Enter build submenu | 15 | |
| Enter hero's abilities submenu | 6 | |
| Remove unit from queue | 1 | |
| Right click | 1320 | |
| Select / deselect | 473 | |
| Use ability | 66 | |
1945 total
» units
| Peon | 8 | |
| Demolisher | 15 | |
| Troll Batrider | 13 | |
36 total
» upgrades
| Ranged Weapons | 3 | |
| Armor | 3 | |
| Burning Oil | 1 | |
| Liquid Fire | 1 | |
8 total
» buildings
| Altar of Storms | 1 | |
| Orc Burrow | 6 | |
| Voodoo Lounge | 1 | |
| Stronghold | 1 | |
| War Mill | 1 | |
| Barracks | 2 | |
| Fortress | 1 | |
| Beastiary | 2 | |
| Great Hall | 1 | |
16 total
» build order
00:11 Altar of Storms
00:14 Orc Burrow
00:48 Voodoo Lounge
02:23 Stronghold
02:44 War Mill
04:41 Barracks
05:33 Barracks
05:34 Fortress
05:42 Orc Burrow
06:28 Orc Burrow
09:36 Beastiary
09:38 Beastiary
09:46 Orc Burrow
11:56 Orc Burrow
13:07 Great Hall
» items
| Healing Salve | 1 | |
| Lesser Clarity Potion | 2 | |
| Scroll of Speed | 1 | |
4 total
expATRIATE (
red | 283 APM | 3715 actions | 13:07)
3 Death Knight
2 Death Coil
1 Unholy Aura
» actions
| Assign group hotkey | 25 | |
| Basic commands | 368 | |
| Build / train | 48 | |
| ESC pressed | 1 | |
| Enter build submenu | 22 | |
| Enter hero's abilities submenu | 6 | |
| Remove unit from queue | 1 | |
| Right click | 1248 | |
| Select / deselect | 391 | |
| Select group hotkey | 1534 | |
| Use ability | 71 | |
3715 total
» units
| Acolyte | 3 | |
| Ghoul | 2 | |
| Crypt Fiend | 10 | |
| Obsidian Statue | 2 | |
| Frost Wyrm | 8 | |
25 total
» upgrades
| Creature Attack | 2 | |
| Web | 1 | |
| Destroyer Form | 1 | |
| Creature Carapace | 1 | |
| Freezing Breath | 1 | |
6 total
» buildings
| Graveyard | 1 | |
| Crypt | 1 | |
| Ziggurat | 10 | |
| Altar of Darkness | 1 | |
| Tomb of Relics | 1 | |
| Halls of the Dead | 1 | |
| Black Citadel | 1 | |
| Slaughterhouse | 1 | |
| Sacrificial Pit | 1 | |
| Boneyard | 2 | |
| Spirit Tower | 4 | |
24 total
» build order
00:09 Graveyard
00:15 Crypt
00:31 Ziggurat
00:51 Altar of Darkness
01:22 Tomb of Relics
02:00 Ziggurat
04:24 Halls of the Dead
04:28 Ziggurat
06:30 Ziggurat
06:51 Black Citadel
06:55 Slaughterhouse
08:03 Sacrificial Pit
08:36 Ziggurat
09:40 Boneyard
10:55 Boneyard
13:07 Ziggurat
» items
| Rod of Necromancy | 1 | |
| Scroll of Town Portal | 1 | |
2 total
LTU (
purple | 167 APM | 2185 actions | 13:07)
3 Priestess of the Moon
1 Searing Arrows
2 Trueshot Aura
» actions
| Assign group hotkey | 27 | |
| Basic commands | 15 | |
| Build / train | 79 | |
| Enter build submenu | 50 | |
| Enter hero's abilities submenu | 4 | |
| Right click | 1191 | |
| Select / deselect | 538 | |
| Select group hotkey | 174 | |
| Use ability | 107 | |
2185 total
» units
| Wisp | 51 | |
| Huntress | 2 | |
| Glaive Thrower | 5 | |
| Chimaera | 11 | |
69 total
» upgrades
| Corrosive Breath | 1 | |
| Nature's Blessing | 1 | |
2 total
» buildings
| Altar of Elders | 1 | |
| Moon Well | 5 | |
| Hunter's Hall | 1 | |
| Ancient of War | 8 | |
| Tree of Ages | 1 | |
| Tree of Eternity | 1 | |
| Ancient of Wind | 1 | |
| Chimaera Roost | 2 | |
| Ancient Protector | 24 | |
| Tree of Life | 1 | |
45 total
» build order
00:17 Altar of Elders
00:28 Moon Well
01:32 Hunter's Hall
01:57 Ancient of War
02:28 Ancient of War
02:33 Moon Well
03:27 Moon Well
04:45 Ancient of War
05:16 Tree of Ages
08:17 Tree of Eternity
08:19 Ancient of Wind
09:54 Moon Well
10:49 Chimaera Roost
10:52 Chimaera Roost
12:15 Moon Well
13:07 Ancient of War
PuffSipPuffPass (
yellow | 88 APM | 1153 actions | 13:07)
3 Death Knight
2 Death Coil
1 Unholy Aura
2 Lich
1 Frost Nova
1 Frost Armor
» actions
| Build / train | 57 | |
| Enter build submenu | 23 | |
| Enter hero's abilities submenu | 7 | |
| Give item / drop item | 1 | |
| Right click | 764 | |
| Select / deselect | 236 | |
| Use ability | 65 | |
1153 total
» units
| Acolyte | 2 | |
| Ghoul | 2 | |
| Crypt Fiend | 13 | |
| Frost Wyrm | 10 | |
27 total
» upgrades
| Creature Attack | 2 | |
| Creature Carapace | 2 | |
| Web | 1 | |
| Freezing Breath | 1 | |
| Burrow | 1 | |
7 total
» buildings
| Graveyard | 1 | |
| Crypt | 1 | |
| Altar of Darkness | 1 | |
| Ziggurat | 13 | |
| Tomb of Relics | 1 | |
| Nerubian Tower | 1 | |
| Halls of the Dead | 1 | |
| Black Citadel | 1 | |
| Sacrificial Pit | 1 | |
| Boneyard | 2 | |
| Spirit Tower | 5 | |
28 total
» build order
00:20 Graveyard
00:25 Crypt
00:41 Altar of Darkness
00:49 Ziggurat
01:26 Ziggurat
01:45 Tomb of Relics
03:09 Nerubian Tower
04:25 Halls of the Dead
05:36 Ziggurat
07:40 Black Citadel
07:45 Sacrificial Pit
07:53 Ziggurat
10:08 Boneyard
10:14 Boneyard
10:22 Ziggurat
13:07 Spirit Tower
» items
| Rod of Necromancy | 1 | |
| Potion of Healing | 2 | |
| Potion of Mana | 1 | |
| Scroll of Town Portal | 1 | |
5 total
Chat log
(00:01 / Allies) TIMG4STRok: 60%
(01:41 / Allies) PizzaFan1739: how y'all been
(01:44 / Allies) PizzaFan1739: is been a hwile
(01:45 / Allies) GODIEPLZ: terrible
(01:50 / Allies) Mata.: yeah sup bear
(01:51 / Allies) TIMG4STRok: A hwiiiiiiile
(02:00 / Allies) PizzaFan1739: i'll help bot
(02:03 / Allies) PizzaFan1739: then shops etc
(02:12 / Allies) PizzaFan1739: scouted
(02:29 / Allies) PizzaFan1739: this ok timg???
(02:37 / Allies) TIMG4STRok: WHATever
(02:39 / Allies) TIMG4STRok: w/e
(02:48 / Allies) Mata.: lym
(02:49 / Allies) Mata.: lum
(02:59 / Allies) PizzaFan1739: yahoo
(05:20 / Allies) PizzaFan1739: lagging so bad
(06:20 / All) eLeCtRiC.sHoCk.: lol oops
(07:34 / Allies) PizzaFan1739: you don't even understand my lag
(07:36 / Allies) PizzaFan1739: but
(07:38 / Allies) PizzaFan1739: it will be ok
(08:22 / Allies) PizzaFan1739: lumber donation for bat farms
(08:49 / Allies) Mata.: yeah fuck dat
(09:52 / All) PizzaFan1739: thanks for that
(09:58 / All) PizzaFan1739: honestly thants
(10:11 / Allies) PizzaFan1739: lil gould if possible
(10:33 / All) PuffSipPuffPass: y u guys copy clan tree start
(10:37 / All) PuffSipPuffPass: scrubs
(10:41 / All) GODIEPLZ: Who is clan tree
(10:44 / All) PizzaFan1739: axcuse me
(10:50 / All) GODIEPLZ: Who?
(10:51 / All) PuffSipPuffPass: old clan who made taht start up
(10:54 / All) GODIEPLZ: sure
(10:56 / All) GODIEPLZ: uh huh
(10:59 / All) TIMG4STRok: get out of here kid
(11:01 / All) eLeCtRiC.sHoCk.: i am former clan tree
(11:03 / All) PuffSipPuffPass: lmfao
(11:04 / All) GODIEPLZ: and u suck
(11:07 / All) GODIEPLZ: bye
(11:09 / All) PuffSipPuffPass: 1v1?
(11:11 / All) GODIEPLZ: sure
(11:13 / All) GODIEPLZ: channel?
(11:14 / All) PizzaFan1739: i wouldnt ad mit that if i were you?
(11:19 / All) TIMG4STRok: after i killed your entire army with a panda
(11:20 / All) PuffSipPuffPass: caln pro2
(11:21 / All) TIMG4STRok: you want to 1v1 me
(11:24 / All) GODIEPLZ: lol "pro2"
(11:27 / All) GODIEPLZ: "hacker clan"
(11:28 / All) PizzaFan1739: thanks for free exp
(11:30 / All) PizzaFan1739: & free win
(11:37 / All) GODIEPLZ: "clan that gets swept by coolmike every day"
(11:38 / All) PuffSipPuffPass: hacker lfao
(11:50 / All) GODIEPLZ: why do u kids even search
(11:53 / All) GODIEPLZ: -.-
(11:56 / All) TIMG4STRok: how are you so bad at this game
(11:59 / All) LTU: cuz video games are fun
(12:04 / All) GODIEPLZ: stop playing 4's
(12:17 / All) PuffSipPuffPass: talk mor ewshit lfmao
(12:21 / All) TIMG4STRok: done
(12:23 / All) GODIEPLZ: u started et
(12:35 / All) PuffSipPuffPass: i askd u a question
(12:56 / All) PizzaFan1739: oh come on
(12:57 / All) PizzaFan1739: really
(13:00 / All) PizzaFan1739: its a fat old panda
(13:04 / All) PuffSipPuffPass: lol
(13:05 / All) TIMG4STRok: 2 death knights, one lich, 30 fiends
(13:07 / All) LTU: Dont even know who you zit popping kids are